 Seeded DCSS version 0.29.1-15-g9cfb28693d (webtiles) character file.

Game seed: 12947039438745426135 (custom seed)

3336 Psyclone the Tainter (level 10, -1/69 HPs)
             Began as an Octopode Venom Mage on Sept 20, 2023.
             Was an Initiate of Gozag.
             Slain by an orc knight
             ... wielding a +0 war axe
              (31 damage)
             ... in a bailey.
             The game lasted 00:38:25 (10179 turns).

Psyclone the Tainter (Octopode Venom Mage)         Turns: 10179, Time: 00:38:26

Health: -1/69      AC:  1    Str:  6    XL:     10   Next: 2%
Magic:  9/19       EV: 17    Int: 33    God:    Gozag
Gold:   556        SH:  0    Dex: 19    Spells: 7/21 levels left

rFire   . . .      SeeInvis +   b - +5 spear of Resourcefulness {speed, Dex+3}
rCold   + . .      Faith    .   (no shield)
rNeg    + . .      Spirit   .   r - +0 mask of the Dragon {Will+ Slay+3 SInv}
rPois   .          Reflect  .   (no amulet)
rElec   .          Harm     .   v - ring "Xesoecapt" {rC+ rN+ Str-2 Int+9 Dex+3}
rCorr   .          Rampage  .   w - +3 ring of intelligence
Will    +....                   z - +4 ring of slaying
Stlth   +++.......              (no ring)
HPRegen 0.21/turn               (no ring)
MPRegen 0.16/turn               (no ring)
                                (no ring)
                                (no ring)

@: studying Unarmed Combat
A: almost no armour, amphibious, 8 rings, camouflage 1, gelatinous body 1,
(nimble swimmer 1), tentacles
a: Renounce Religion, Potion Petition, Call Merchant, Bribe Branch


You were in a bailey.
You worshipped Gozag.
Gozag was pleased with you.
You visited 2 branches of the dungeon, and saw 9 of its levels.
You also visited: Sewer and Bailey.

You collected 1546 gold pieces.
You spent 909 gold pieces at shops.
You paid 81 gold pieces to Gozag.

Inventory:

Hand Weapons
 b - the +5 spear of Resourcefulness (weapon) {speed, Dex+3}
   (You found it on level 1 of the Dungeon)

   Attacks with this weapon are significantly faster.
   Dex:       It affects your dexterity (+3).
Armour
 r - the +0 mask of the Dragon (worn) {Will+ Slay+3 SInv}
   (You acquired it on level 5 of the Dungeon)

   Slay:      It affects your accuracy & damage with ranged weapons and melee
   (+3).
   SInv:      It lets you see invisible.
   Will:      It increases your willpower.
Magical Staves
 g - a staff of conjuration
Jewellery
 v - the ring "Xesoecapt" (left tentacle) {rC+ rN+ Str-2 Int+9 Dex+3}
   (You bought it in a shop on level 1 of the Dungeon)

   [ring of protection from cold]

   Str:       It affects your strength (-2).
   Int:       It affects your intelligence (+9).
   Dex:       It affects your dexterity (+3).
   rC:        It protects you from cold.
   rN:        It protects you from negative energy.
 w - a +3 ring of intelligence (right tentacle)
 z - a +4 ring of slaying (on tentacle)
Wands
 m - a wand of light (3)
 s - a wand of flame (22)
 x - a wand of polymorph (4)
 A - a wand of iceblast (7)
Scrolls
 c - a scroll of blinking {unknown}
 d - 2 scrolls of magic mapping {unknown}
 i - 3 scrolls of teleportation {unknown}
 j - a scroll of brand weapon
 l - a scroll of summoning
 o - a scroll of immolation
 q - a scroll of torment
 t - a scroll of poison
 u - 2 scrolls of enchant weapon {unknown}
 y - a scroll of vulnerability
Potions
 a - 5 potions of magic
 e - 6 potions of brilliance {unknown}
 f - a potion of might {unknown}
 h - a potion of cancellation {unknown}
 n - 3 potions of lignification
 p - 3 potions of curing


   Skills:
 + Level 6.9 Fighting
 + Level 7.2 Dodging
 - Level 2.6 Stealth
 - Level 6.0 Spellcasting
 - Level 1.0 Transmutations
 + Level 4.2 Fire Magic
 - Level 8.0 Poison Magic


You had 7 spell levels left.
You knew the following spells:

 Your Spells              Type           Power      Damage    Failure   Level
a - Poisonous Vapours     Pois/Air       72%        N/A       1%          2
b - Foxfire               Conj/Fire      92%        2x1d8     1%          1
c - Conjure Flame         Conj/Fire      23%        6-21      5%          3
e - Inner Flame           Hex/Fire       23%        N/A       5%          3
v - Sting                 Tmut/Pois      100%       1d8       1%          1
x - Olgreb's Toxic Radia  Pois           58%        N/A       1%          4

Your spell library contained the following spells:

 Spells                   Type           Power      Damage    Failure   Level
 Sandblast                Erth           18%        2d7       4%          1
 Shock                    Conj/Air       36%        1d5       4%          1
 Mephitic Cloud           Conj/Pois/Air  27%        N/A       4%          3
 Passwall                 Tmut/Erth      10%        N/A       5%          2
 Static Discharge         Conj/Air       9%         3-5/arc   6%          2
 Stone Arrow              Conj/Erth      18%        3d8       13%         3
 Swiftness                Air            9%         N/A       13%         3
 Flame Wave               Conj/Fire      23%        2d8       19%         4
 Sticky Flame             Conj/Fire      23%        2d4       19%         4
 Airstrike                Air            4%         2d(1-17)  38%         4
 Dispel Undead            Necr           9%         3d8       38%         4
 Summon Ice Beast         Ice/Summ       9%         N/A       38%         4
 Summon Mana Viper        Hex/Summ       9%         N/A       75%         5
 Monstrous Menagerie      Summ           4%         N/A       100%        7


Dungeon Overview and Level Annotations

Branches:
Dungeon (8/15) Zot: 26607  Temple (1/1) D:4 Zot: 5982   Sewer (visited)
 Bailey (1/1) Zot: 5527
   Lair: D:8-11

Altars:
Ashenzari
Cheibriados
Dithmenos
Elyvilon
Fedhas
Gozag
Kikubaaqudgha
Makhleb
Nemelex Xobeh
Okawaru
Qazlal
Ru
Sif Muna
Trog
Vehumet
Wu Jian
Xom
Yredelemnul
Zin
The Shining One

Shops:
D:1 =   D:2 :   D:3 *


Innate Abilities, Weirdness & Mutations

You cannot wear most types of armour.
You are amphibious.
You can wear up to eight rings at the same time.
Your skin changes colour to match your surroundings (Stealth+).
Your rubbery body absorbs attacks. (AC +1, EV +1)
((You are camouflaged when in or above water. (Stealth+)))
You have tentacles for arms and can constrict up to eight enemies at once.


Message History

Confirm with . or Enter, or press ? or * to list all spells.
Aiming: Poisonous Vapours (safe; 1% risk of failure)
Press: ? - help, Dir - move target, f/p - orc knight
Aim: an orc knight, wielding a +0 war axe and wearing a +0 plate armour (heavily wounded, very poisoned) Poisonous vapours surround the orc knight!
The orc knight looks as sick as possible!
You now have 8/19 mp.
There is an open door here.
Things that are here:
a +0 hand axe; a +0 leather armour
Casting: Poisonous Vapours (safe; 1% risk of failure)
Confirm with . or Enter, or press ? or * to list all spells.
Aiming: Poisonous Vapours (safe; 1% risk of failure)
Press: ? - help, Dir - move target, f/p - orc knight
Aim: an orc knight, wielding a +0 war axe and wearing a +0 plate armour (severely wounded, very poisoned) Poisonous vapours surround the orc knight!
The orc knight looks as sick as possible!
You now have 8/19 mp.
You closely miss the orc knight. You grab the orc knight.
You squeeze the orc knight, but do no damage.
The orc knight is severely wounded.
You constrict the orc knight.
The orc knight hits you with a +0 war axe!
You take 9 damage, and have 40/69 hp.
You hit the orc knight but do no damage.
The orc knight is severely wounded.
You constrict the orc knight, but do no damage.
The orc knight hits you with a +0 war axe!!
* * * LOW HITPOINT WARNING * * *
You take 30 damage, and have 10/69 hp.
MASSIVE DAMAGE!!
You feel much better.
You constrict the orc knight, but do no damage.
The orc knight hits you with a +0 war axe!!
* * * LOW HITPOINT WARNING * * *
You take 1 damage, and have 9/69 hp.
You feel much better.
You constrict the orc knight, but do no damage.
The orc knight hits you with a +0 war axe!!
You die...
Your body crumbles into a pile of gold. .## 8 ..# .## .# ## # # ####+## # ##....@## # #.....o.# ## ##)......## .# $$$$$

#.........# .##$$
$$##.....)...##
..#######.....⌠)....#
)##..).)##.........##
.#.......#.).......#
##.......##.....).##


You could see an orc knight (very poisoned).

Vanquished Creatures
  Grinder (D:5)
  A wyvern (D:7)
  Edmund (D:5)
  6 orc warriors
  An ice beast (D:7)
  2 sky beasts (D:7)
  3 ogres
  A kobold brigand (D:8)
  2 bullfrogs
  2 necrophages
  10 killer bees
  6 howler monkeys
  2 hounds
  3 jellies
  4 iguanas
  An orc priest (D:6)
  Natasha (twice) (D:3)
  3 orc wizards
  A hell rat (Sewer)
  8 gnolls (Bailey)
  14 adders
  2 river rats (Sewer)
  A white imp (D:5)
  An ufetubus (D:6)
  2 dart slugs
  21 orcs
  10 ball pythons
  5 bats
  3 endoplasms
  8 giant cockroaches
  17 goblins
  11 hobgoblins
  8 jackals
  11 kobolds
  3 quokkas
  2 frilled lizards (D:2)
  11 rats
190 creatures vanquished.

Vanquished Creatures (others)
  A plant (D:1)
1 creature vanquished.

Grand Total: 191 creatures vanquished

Notes
Turn   | Place    | Note
-------+----------+-------------------------------------------
     0 | D:1      | Psyclone the Octopode Venom Mage began the quest for the
                  | Orb.
     0 | D:1      | Reached XP level 1. HP: 11/11 MP: 3/3
   130 | D:1      | Reached skill level 4 in Poison Magic
   138 | D:1      | Reached XP level 2. HP: 7/17 MP: 1/5
   602 | D:1      | Found a faded altar of an unknown god.
   607 | D:1      | Identified the +5 spear of Resourcefulness {speed, Dex+3}
   709 | D:2      | Learned a level 2 spell: Poisonous Vapours
   887 | D:4      | Found a staircase to the Ecumenical Temple.
   893 | Temple   | Entered the Ecumenical Temple
   905 | Temple   | Became a worshipper of Gozag Ym Sagoz the Greedy
   979 | D:3      | Reached skill level 5 in Poison Magic
   979 | D:3      | Reached XP level 3. HP: 21/21 MP: 1/6
  1333 | D:1      | Found Dunosm's One-of-a-Kind Rings.
  2351 | D:2      | Reached XP level 4. HP: 24/27 MP: 0/7
  2449 | D:2      | Found Jetott's Book Shop.
  2466 | D:2      | Reached skill level 6 in Poison Magic
  3220 | D:3      | Found Pidug's Assorted Antiques.
  3336 | D:3      | Bought a scroll labelled YGRARASCHOUTA for 18 gold pieces
  3336 | D:3      | Bought a scroll labelled ZATIT YNEPOINEONI for 18 gold
                  | pieces
  3758 | D:3      | Noticed Natasha
  3768 | D:3      | Killed Natasha
  3769 | D:3      | Reached XP level 5. HP: 25/31 MP: 0/8
  3880 | D:3      | Reached skill level 7 in Poison Magic
  3958 | D:3      | Noticed Natasha
  3966 | D:3      | Killed Natasha
  4774 | D:5      | Entered Level 5 of the Dungeon
  4776 | D:5      | Noticed an ogre
  4783 | D:5      | Learned a level 4 spell: Olgreb's Toxic Radiance
  4792 | D:5      | Reached skill level 8 in Poison Magic
  4792 | D:5      | Reached XP level 6. HP: 22/36 MP: 9/9
  4908 | D:5      | Noticed Grinder
  5005 | D:5      | Noticed Edmund
  5023 | D:5      | Reached skill level 1 in Fighting
  5279 | D:5      | Identified a scroll of acquirement
  5280 | D:5      | Acquired the +0 mask of the Dragon {Will+ Slay+3 SInv}
  5280 | D:5      | Found the +0 mask of the Dragon {Will+ Slay+3 SInv}
  5511 | D:5      | Reached XP level 7. HP: 44/44 MP: 2/11
  5878 | D:5      | Killed Edmund
  6601 | D:5      | Killed Grinder
  6602 | D:5      | Reached XP level 8. HP: 38/54 MP: 12/14
  6904 | D:6      | Reached skill level 5 in Dodging
  6955 | D:6      | Found a bloodstained altar of Trog.
  6955 | D:6      | Found a snail-covered altar of Cheibriados.
  7022 | D:6      | Found an ancient bone altar of Kikubaaqudgha.
  7022 | D:6      | Found a shadowy altar of Dithmenos.
  7025 | D:6      | Found a stormy altar of Qazlal.
  7032 | D:6      | Found a glowing drain.
  7092 | Sewer    | Entered a sewer
  7362 | D:1      | Bought the ring "Xesoecapt" {rC+ rN+ Str-2 Int+9 Dex+3} for
                  | 743 gold pieces
  7362 | D:1      | Bought a +3 ring of intelligence for 130 gold pieces
  7577 | D:6      | Identified the +2 pair of gloves of the Iron Devil {*Slow
                  | Regen+ Int+3 Stlth+}
  7924 | D:7      | Reached skill level 5 in Spellcasting
  7989 | D:7      | Reached skill level 5 in Fighting
  8020 | D:7      | Reached XP level 9. HP: 61/61 MP: 11/17
  8028 | D:7      | Learned a level 3 spell: Conjure Flame
  8214 | D:7      | Reached skill level 1 in Fire Magic
  9534 | D:8      | Identified the +2 plate armour of the Jocular God {rF+}
  9659 | D:8      | Found a flagged portal.
  9704 | Bailey   | Entered a bailey
  9717 | Bailey   | Learned a level 3 spell: Inner Flame
  9719 | Bailey   | Learned a level 1 spell: Foxfire
 10117 | Bailey   | Noticed an orc knight
 10138 | Bailey   | Reached XP level 10. HP: 41/69 MP: 13/19
 10179 | Bailey   | Slain by an orc knight

Illustrated notes

Levels and vault maps discovered:
D:1:      kennysheep_arrival_forest, layout_rooms,
          hellmonk_ecumenical_altar_lost_god, nicolae_shop_unique_rings,
          serial_bayou_ford_a
D:2:      layout_basic, serial_shops, nicolae_shop_trees
D:3:      kennysheep_big_flooded_room, layout_loops_ring, serial_shops,
          nicolae_lakefront_shop, uniq_natasha
D:4:      layout_rooms, minmay_temple_entry_fiery
D:5:      layout_loops_ring, uniq_grinder, uniq_edmund
D:6:      layout_rooms, nicolae_overflow_hidden_temple, portal_sewer_entry_b
D:7:      layout_loops_ring, minmay_crystal_room, kennysheep_cluttered_room,
          minmay_strange_pillars, grunt_ministairs_2, kennysheep_generic_room_12
D:8:      layout_basic, enter_bailey_3, serial_aquarium,
          aquarium_bridge_long_joined [aquarium_subvault_bridge,
          aquarium_subvault_window, aquarium_subvault_wall,
          aquarium_subvault_bridge, aquarium_subvault_window,
          aquarium_subvault_bridge], aquarium_bridge_square
          [aquarium_subvault_wall, aquarium_subvault_bridge,
          aquarium_subvault_bridge, aquarium_subvault_bridge],
          aquarium_window_3, aquarium_window_2, aquarium_window_1,
          aquarium_view_2d, aquarium_view_2e, minmay_radiant, uniq_amaemon
Temple:   minmay_freezing_vapour_temple
Bailey:   bailey_axe_minmay_hex_keep, bailey

Skill      XL: |  1  2  3  4  5  6  7  8  9 |
---------------+----------------------------+-----
Poison Magic   | 4 5 6 8 |  8.0
Fighting       | 1 3 5 6 |  6.9
Dodging        | 4 5 7 |  7.2
Spellcasting   | 4 5 6 |  6.0
Fire Magic     | 4 |  4.2
Stealth        | |  2.6
Transmutations | |  1.0

Action                   |  1- 3 |  4- 6 |  7- 9 | 10-12 || total
-------------------------+-------+-------+-------+-------++-------
Melee: Unarmed           |    10 |       |       |       ||    10
       Constrict         |     9 |    10 |    20 |     1 ||    40
       Tentacles         |     6 |     4 |    22 |     1 ||    33
       Spear             |    27 |    63 |    89 |     2 ||   181
       Punch             |       |     1 |     2 |       ||     3
 Cast: Sting             |     8 |     1 |    13 |       ||    22
       Poisonous Vapours |    41 |    61 |    60 |     4 ||   166
       Olgreb's Toxic Ra |       |     3 |    25 |       ||    28
       Conjure Flame     |       |       |     4 |       ||     4
  Use: Scroll            |       |     8 |     3 |       ||    11
       Potion            |       |       |     1 |     2 ||     3
 Stab: Sleeping          |       |     6 |     4 |       ||    10
Armor: Skin              |     1 |     3 |     4 |       ||     8
Dodge: Dodged            |    19 |    37 |    48 |       ||   104
